 Dungeon Crawl Stone Soup version 0.31-a0-1183-gd88bbb8b4d (webtiles) character file.

Game seed: 1316424844365221839

3023 qw the Skirmisher (level 9, -6/57 HPs)
             Began as a Gargoyle Hunter on Dec 11, 2023.
             Was a Follower of Okawaru.
             Mangled by a two-headed ogre
             ... wielding a +0 giant club
              (14 damage)
             ... on level 7 of the Dungeon.
             The game lasted 00:02:17 (5947 turns).

qw the Skirmisher (Gargoyle Hunter)                 Turns: 5947, Time: 00:02:17

Health: -6/57      AC: 20    Str: 15    XL:     9   Next: 85%
Magic:  10/10      EV: 17    Int: 10    God:    Okawaru [*.....]
Gold:   387        SH:  0    Dex: 17    Spells: 8/8 levels left

rFire   . . .        k - +0 arbalest
rCold   . . .        (shield currently unavailable)
rNeg    + . .        o - +0 ring mail
rPois   inf          l - +2 helmet
rElec   +            (no cloak)
rCorr   .            i - +2 pair of gloves
SInv    .            g - +1 pair of boots
Will    .....        (no amulet)
Stlth   +            n - +5 ring of evasion
HPRegen 0.29/turn    (no ring)
MPRegen 0.12/turn

%: no passive effects
@: about to teleport
A: sickness immunity, AC +6, negative energy resistance 1, electricity
resistance, torment resistance 1, petrification resistance
a: Renounce Religion, Heroism


You were on level 7 of the Dungeon.
You worshipped Okawaru.
Okawaru was aware of your devotion.
You visited 2 branches of the dungeon, and saw 9 of its levels.

You collected 387 gold pieces.


Innate Abilities, Weirdness & Mutations

You are immune to sickness and miasma.
Your stone body is resilient. (AC +6)
You are immune to poison.
You resist negative energy. (rN+)
You are resistant to electric shocks. (rElec)
You are resistant to unholy torment.
You are immune to petrification.


   Skills:
 + Level 7.3 Fighting
 - Level 11.0 Ranged Weapons
 - Level 4.0 Armour
 - Level 3.3 Dodging
 - Level 1.1 Stealth
 + Level 2.2 Invocations


You had 8 spell levels left.
You didn't know any spells.
Your spell library was empty.

Inventory:

Hand Weapons
 j - a +3 antimagic longbow
 k - a +0 arbalest (weapon)
Armour
 g - a +1 pair of boots (worn)
 i - a +2 pair of gloves (worn)
 l - a +2 helmet (worn)
 o - a +0 ring mail (worn)
Jewellery
 e - a ring of ice
 n - a +5 ring of evasion (left hand)
Wands
 a - a wand of digging (7)
 r - a wand of charming (7)
Scrolls
 h - a scroll of teleportation
 p - a scroll of identify
Potions
 b - 2 potions of curing
 d - 4 potions of mutation
 m - a potion of might
 q - a potion of enlightenment

Dungeon Overview and Level Annotations

Branches:
Dungeon (8/15)             Temple (1/1) D:4            Lair (0/5) D:8

Altars:
Ashenzari
Cheibriados
Dithmenos
Elyvilon
Fedhas
Gozag
Hepliaklqana
Kikubaaqudgha
Makhleb
Nemelex Xobeh
Okawaru
Qazlal
Ru
Sif Muna
Trog
Uskayaw
Vehumet
Wu Jian
Xom
Yredelemnul
Zin
The Shining One


Message History

There is a stone staircase leading down here.
You see here a +0 flail.
5939 ||| Stepping ~*~*~tactically~*~*~ (retreating).
You shoot a bolt. The bolt hits the yak!
The yak is moderately wounded.
The yak barely misses you.
You shoot a bolt. The bolt closely misses the yak.
The bolt hits the yak.
The yak is lightly wounded.
The yak closely misses you.
The two-headed ogre completely misses you.
The two-headed ogre hits you but does no damage.
You shoot a bolt. The bolt hits the yak!
The yak is moderately wounded.
The yak gores you!
The two-headed ogre hits you with a +0 giant club!!
The two-headed ogre hits you but does no damage.
You shoot a bolt. The bolt hits the yak!
The yak is severely wounded.
The yak misses you. The two-headed ogre barely misses you.
The two-headed ogre misses you. The yak misses you.
You shoot a bolt. The bolt hits the yak!
The yak is almost dead.
The yak closely misses you.
You shoot a bolt. The bolt hits the yak!!
You kill the yak!
Okawaru accepts your kill. The two-headed ogre misses you.
The two-headed ogre completely misses you.
Your Armour skill increases to level 4!
Your Invocations skill increases to level 2!
You shoot a bolt. The bolt hits the yak!!
The yak is severely wounded.
The yak gores you! The two-headed ogre misses you.
The two-headed ogre hits you but does no damage.
The yak misses you.
5947 ||| READING 2 scrolls of teleportation.
As you read the scroll of teleportation, it crumbles to dust.
You feel strangely unstable.
The two-headed ogre hits you with a +0 giant club!
You die...

#"......# #..)...#
#.#####.######.####.#
#.# ##.#.##......##.#
####.###.###.#.##.#.##.#
#.......#####..##.#.##.#
#.##.........####......#
#.##.......P...####.####
...........PPP.#.O.....#
..PPP........P.#@#...#.#
..PPP...PPP....#Y#.#.#.#
P........P.PP[.)))###..#
.............P...#.#.#.#
.P.PPP).._.....#.##.##.#
.P.....#..)..###.......#
....#..##.##.# ####.####
..........##.######.#
?...##.#####.##.....# ##


You could see a two-headed ogre and a yak.

Vanquished Creatures
  4 humans (D:8)
  2 yaks (D:7)
  A steam dragon (D:7)
  2 water moccasins
  3 black bears
  An orc warrior (D:7)
  6 ogres
  A bullfrog (D:8)
  A gnoll sergeant (D:7)
  A scorpion (D:6)
  2 howler monkeys (D:7)
  4 jellies
  An orc priest (D:7)
  4 hounds
  4 sleepcaps (D:6)
  2 iguanas
  An orc wizard (D:7)
  6 gnolls
  9 adders
  A white imp (D:8)
  2 ufetubi (D:7)
  2 worms
  3 dart slugs
  10 orcs
  8 ball pythons
  4 bats
  10 endoplasms
  6 giant cockroaches
  10 goblins
  5 hobgoblins
  4 jackals
  6 kobolds
  A quokka (D:4)
  3 frilled lizards (D:1)
  A rat (D:3)
131 creatures vanquished.

Notes
Turn   | Place    | Note
-------+----------+-------------------------------------------
     0 | D:1      | qw the Gargoyle Hunter began the quest for the Orb.
     0 | D:1      | Reached XP level 1. HP: 12/12 MP: 1/1
     0 | D:1      | 0 ||| qw: Version: 0.3-a-106-g2cfff9e
     0 | D:1      | 0 ||| qw: Game counter: 2104
     0 | D:1      | 0 ||| qw: Melee chars always use a shield: true
     0 | D:1      | 0 ||| qw: God list: Okawaru
     0 | D:1      | 0 ||| qw: Allow faded altars: false
     0 | D:1      | 0 ||| qw: Do Orc after clearing Dungeon:15 true
     0 | D:1      | 0 ||| qw: Do second Lair branch before Depths: true
     0 | D:1      | 0 ||| qw: Lair rune preference: random
     0 | D:1      | 0 ||| qw: Goals: Normal, Save, Zot:1-4, Win
     0 | D:1      | 0 ||| PLANNING D:1-11
    54 | D:1      | Found a faded altar of an unknown god.
   135 | D:1      | Reached XP level 2. HP: 17/17 MP: 2/2
   535 | D:1      | Reached XP level 3. HP: 21/21 MP: 3/3
   700 | D:1      | Reached skill level 5 in Ranged Weapons
   996 | D:1      | 996 ||| UPGRADING to +0 pair of boots.
  1001 | D:1      | 1001 ||| READING scroll labelled ZOSU JUGOMU.
  1006 | D:1      | 1006 ||| READING 2 scrolls labelled AQO ECORUANY.
  1006 | D:1      | 1006 ||| IDENTIFYING fuming orange potion
  1007 | D:1      | 1007 ||| READING scroll of identify.
  1007 | D:1      | 1007 ||| IDENTIFYING scroll labelled XIPA RUUTUOCSO
  1008 | D:1      | 1008 ||| READING 2 scrolls labelled EREAGAIMAV.
  1008 | D:1      | 1008 ||| BRANDING +0 shortbow.
  1009 | D:1      | 1009 ||| READING scroll of brand weapon.
  1009 | D:1      | 1009 ||| BRANDING +0 shortbow of draining.
  1010 | D:1      | 1010 ||| DROPPING scroll of butterflies.
  1011 | D:1      | 1011 ||| DROPPING scroll of blinking.
  1385 | D:2      | Reached skill level 3 in Fighting
  1628 | D:2      | 1628 ||| READING 2 scrolls of identify.
  1628 | D:2      | 1628 ||| IDENTIFYING green potion
  1629 | D:2      | 1629 ||| READING scroll of identify.
  1629 | D:2      | 1629 ||| IDENTIFYING scroll labelled LADITA GUOST
  1630 | D:2      | 1630 ||| READING scroll labelled ZUYRGH GOSTRAF.
  1631 | D:2      | 1631 ||| READING scroll labelled MAHETO DARI.
  1631 | D:2      | 1631 ||| ENCHANTING +0 pair of boots.
  1632 | D:2      | 1632 ||| DROPPING scroll of vulnerability.
  1773 | D:3      | Reached XP level 4. HP: 19/28 MP: 4/4
  2075 | D:3      | 2075 ||| FLEEEEING.
  2076 | D:3      | 2076 ||| FLEEEEING.
  2077 | D:3      | 2077 ||| FLEEEEING.
  2078 | D:3      | 2078 ||| FLEEEEING.
  2079 | D:3      | 2079 ||| FLEEEEING.
  2080 | D:3      | 2080 ||| FLEEEEING.
  2081 | D:3      | 2081 ||| FLEEEEING.
  2206 | D:3      | 2206 ||| UPGRADING to +1 pair of gloves.
  2211 | D:3      | 2211 ||| UPGRADING to amulet of guardian spirit.
  2351 | D:4      | Reached skill level 1 in Armour
  2496 | D:4      | Noticed a black bear
  2501 | D:4      | 2501 ||| RETREEAATING.
  2506 | D:4      | Killed a black bear
  2507 | D:4      | Reached skill level 6 in Ranged Weapons
  2507 | D:4      | Reached XP level 5. HP: 29/32 MP: 3/5
  2528 | D:4      | Found a staircase to the Ecumenical Temple.
  2529 | D:4      | 2529 ||| PLANNING TEMPLE
  2529 | D:4      | 2529 ||| READING scroll labelled HICZUEDUIRPH.
  2529 | D:4      | Identified a scroll of acquirement
  2529 | D:4      | 2529 ||| 2529 ||| Offered staff of fire
  2529 | D:4      | 2529 ||| 2529 ||| Offered +3 antimagic longbow
  2529 | D:4      | 2529 ||| 2529 ||| Offered manual of Stealth
  2529 | D:4      | 2529 ||| 2529 ||| Offered 1115 gold pieces
  2529 | D:4      | 2529 ||| ACQUIRING +3 antimagic longbow
  2529 | D:4      | Acquired a +3 antimagic longbow
  2531 | D:4      | 2531 ||| SWAPPING to +3 antimagic longbow.
  2532 | D:4      | 2532 ||| DROPPING +0 shortbow of flaming.
  2533 | D:4      | 2533 ||| READING scroll labelled SOIZXU BULO.
  2534 | D:4      | 2534 ||| READING scroll labelled TUDASE NAUT.
  2544 | Temple   | Entered the Ecumenical Temple
  2545 | Temple   | 2545 ||| PLANNING D:1-11
  2581 | D:4      | Found a shimmering altar of Xom.
  2583 | D:4      | Found a hazy altar of Hepliaklqana.
  2583 | D:4      | Found an ornate altar of the Wu Jian Council.
  2586 | D:4      | Found a glowing silver altar of Zin.
  2586 | D:4      | Found a shadowy altar of Dithmenos.
  2586 | D:4      | Found a hide-covered altar of Uskayaw.
  2586 | D:4      | Noticed an ogre
  2591 | D:4      | Reached XP level 6. HP: 37/37 MP: 2/6
  3067 | D:4      | 3067 ||| UPGRADING to +1 helmet.
  3072 | D:4      | 3072 ||| READING 2 scrolls of identify.
  3072 | D:4      | 3072 ||| IDENTIFYING puce potion
  3073 | D:4      | 3073 ||| READING scroll of identify.
  3073 | D:4      | 3073 ||| IDENTIFYING 2 cyan potions
  3074 | D:4      | 3074 ||| DROPPING 2 potions of attraction.
  3092 | D:5      | Entered Level 5 of the Dungeon
  3133 | D:5      | Reached skill level 7 in Ranged Weapons
  3133 | D:5      | Reached XP level 7. HP: 44/44 MP: 2/7
  3161 | D:5      | 3161 ||| READING scroll of enchant armour.
  3161 | D:5      | 3161 ||| ENCHANTING +1 pair of gloves.
  3335 | D:5      | Reached skill level 8 in Ranged Weapons
  3368 | D:5      | Found a radiant altar of Vehumet.
  3470 | D:5      | Reached XP level 8. HP: 49/49 MP: 2/8
  3596 | D:5      | You fall into a shaft and drop 1 floor!
  3721 | D:6      | Reached skill level 9 in Ranged Weapons
  3780 | D:6      | 3780 ||| Stepping ~*~*~tactically~*~*~ (retreating).
  3904 | D:6      | Reached skill level 6 in Fighting
  3990 | D:6      | 3990 ||| DROPPING +2 hat.
  3991 | D:6      | 3991 ||| READING 4 scrolls of identify.
  3991 | D:6      | 3991 ||| IDENTIFYING bubbling black potion
  3992 | D:6      | 3992 ||| READING 3 scrolls of identify.
  3992 | D:6      | 3992 ||| IDENTIFYING scroll labelled NICRAU NIFAL
  3993 | D:6      | 3993 ||| DROPPING scroll of revelation.
  4063 | D:5      | 4063 ||| UPGRADING to +5 ring of evasion.
  4542 | D:6      | 4542 ||| READING 4 scrolls of identify.
  4542 | D:6      | 4542 ||| IDENTIFYING scroll labelled OTEASEA JODI
  4543 | D:6      | 4543 ||| DROPPING scroll of silence.
  4610 | D:7      | Found a burning altar of Makhleb.
  4611 | D:7      | Found a shadowy altar of Dithmenos.
  4613 | D:7      | 4613 ||| RETREEAATING.
  4614 | D:7      | 4614 ||| STILL RETREEAATING.
  4615 | D:7      | 4615 ||| STILL RETREEAATING.
  4616 | D:7      | 4616 ||| Stepping ~*~*~tactically~*~*~ (retreating).
  4619 | D:7      | 4619 ||| Stepping ~*~*~tactically~*~*~ (cloud).
  4628 | D:7      | 4628 ||| Stepping ~*~*~tactically~*~*~ (retreating).
  4632 | D:7      | HP: 12/51 [steam dragon] (5)]
  4633 | D:7      | 4633 ||| READING 2 scrolls of teleportation.
  4634 | D:7      | 4634 ||| DRINKING potion of heal wounds.
  4675 | D:7      | 4675 ||| Stepping ~*~*~tactically~*~*~ (retreating).
  4682 | D:7      | 4682 ||| Stepping ~*~*~tactically~*~*~ (retreating).
  4683 | D:7      | 4683 ||| Stepping ~*~*~tactically~*~*~ (retreating).
  4684 | D:7      | 4684 ||| Stepping ~*~*~tactically~*~*~ (retreating).
  4693 | D:7      | 4693 ||| Stepping ~*~*~tactically~*~*~ (retreating).
  4695 | D:7      | Reached skill level 10 in Ranged Weapons
  4700 | D:7      | Reached XP level 9. HP: 35/56 MP: 3/9
  4880 | D:7      | Found an iron altar of Okawaru.
  4881 | D:7      | 4881 ||| PLANNING OKAWARU WORSHIP
  4881 | D:7      | 4881 ||| UPGRADING to +0 ring mail.
  4891 | D:7      | 4891 ||| DROPPING +0 leather armour.
  4892 | D:7      | 4892 ||| DROPPING +2 hat.
  4893 | D:7      | 4893 ||| READING 3 scrolls of identify.
  4893 | D:7      | 4893 ||| IDENTIFYING viscous ruby potion
  4894 | D:7      | 4894 ||| DROPPING wand of flame (33).
  4895 | D:7      | 4895 ||| DROPPING potion of degeneration.
  4903 | D:7      | Became a worshipper of Warmaster Okawaru
  4904 | D:7      | 4904 ||| PLANNING D:1-11
  4904 | D:7      | 4904 ||| REMOVING amulet of guardian spirit.
  4950 | D:7      | Reached skill level 3 in Armour
  4981 | D:7      | 4981 ||| SWAPPING to +0 sling.
  5090 | D:7      | Found a sparkling altar of Nemelex Xobeh.
  5150 | D:7      | 5150 ||| SWAPPING to +0 arbalest.
  5151 | D:7      | 5151 ||| DROPPING +0 sling.
  5276 | D:7      | Found an opulent altar of Gozag.
  5401 | D:7      | 5401 ||| DROPPING amulet of guardian spirit.
  5402 | D:7      | 5402 ||| READING 2 scrolls of identify.
  5402 | D:7      | 5402 ||| IDENTIFYING bubbling pink potion
  5666 | D:8      | Reached skill level 11 in Ranged Weapons
  5706 | D:8      | Reached * piety under Okawaru
  5707 | D:8      | Reached skill level 3 in Dodging
  5764 | D:8      | 5764 ||| READING scroll of enchant armour.
  5764 | D:8      | 5764 ||| ENCHANTING +1 helmet.
  5780 | D:8      | Found a staircase to the Lair.
  5785 | D:8      | Noticed a two-headed ogre
  5786 | D:8      | 5786 ||| RETREEAATING.
  5787 | D:8      | 5787 ||| FLEEEEING.
  5789 | D:8      | 5789 ||| FLEEEEING.
  5790 | D:8      | 5790 ||| FLEEEEING.
  5791 | D:8      | 5791 ||| FLEEEEING.
  5792 | D:8      | 5792 ||| FLEEEEING.
  5793 | D:8      | 5793 ||| FLEEEEING.
  5794 | D:8      | 5794 ||| FLEEEEING.
  5795 | D:8      | 5795 ||| FLEEEEING.
  5796 | D:8      | 5796 ||| FLEEEEING.
  5797 | D:8      | 5797 ||| FLEEEEING.
  5798 | D:8      | 5798 ||| FLEEEEING.
  5799 | D:8      | 5799 ||| FLEEEEING.
  5800 | D:8      | 5800 ||| FLEEEEING.
  5801 | D:8      | 5801 ||| FLEEEEING.
  5802 | D:8      | 5802 ||| FLEEEEING.
  5803 | D:8      | 5803 ||| STAIRDANCE
  5907 | D:8      | 5907 ||| STAIRDANCE
  5920 | D:7      | Reached skill level 1 in Invocations
  5937 | D:8      | 5937 ||| STAIRDANCE
  5939 | D:7      | 5939 ||| Stepping ~*~*~tactically~*~*~ (retreating).
  5946 | D:7      | HP: 7/57 [yak (9)]
  5947 | D:7      | 5947 ||| READING 2 scrolls of teleportation.
  5947 | D:7      | Mangled by a two-headed ogre

Levels and vault maps discovered:
D:1:      dpeg_arrival_rooms_with_view, layout_basic,
          dreamdust_ecumenical_altar_angels_and_demons
D:2:      layout_basic, nicolae_kite_square_tiling_tiny
D:3:      layout_rooms, palyth_stone_intersect, grunt_ministairs_8
D:4:      layout_basic, doesnt_xom_only_xom, minmay_temple_entry_sparse_star
D:5:      layout_rooms, vehumet_altar_wand_db
D:6:      layout_loops_corners, st_stairs_13, hellmonk_no_cap
D:7:      layout_loops_cross, mainiacjoe_overflow_catch_the_wave,
          nemelex_xobeh_ov_fountains_minmay, okawaru_ov_weapons_minmay,
          grunt_gozag_statues
D:8:      layout_cave_pods, lair_entry_dummy, enter_bailey_2, chequers_jeans,
          minmay_ruffians, uniq_gastronok
Temple:   regret_index_temple_generic_petals

Skill      XL: |  1  2  3  4  5  6  7  8  9 |
---------------+----------------------------+-----
Ranged Weapons | 5 6 7 8 10 11 | 11.0
Fighting       | 3 4 5 6 7 |  7.3
Armour         | 1 2 4 |  4.0
Dodging        | 2 3 |  3.3
Invocations    | 2 |  2.2
Stealth        | |  1.1

Action                     |  1- 3 |  4- 6 |  7- 9 || total
---------------------------+-------+-------+-------++-------
   Fire: Shortbow          |   109 |    56 |       ||   165
         Longbow           |       |    30 |   151 ||   181
         Arbalest          |       |       |    76 ||    76
    Use: Scroll            |     9 |     5 |     9 ||    23
         Potion            |       |       |     1 ||     1
 Armour: Leather armour    |    12 |    29 |    55 ||    96
         Ring mail         |       |       |    74 ||    74
  Dodge: Dodged            |    16 |    25 |   167 ||   208

Table legend:
 A = Non-vault XP
 B = Vault XP
 C = Vault XP percentage of total XP
 D = Non-vault monster count
 E = Vault monster count
 F = Vault count percentage of total count
                 A         B        C        D         E       F
            +---------+---------+-------+---------+---------+-------
      Total |    3237 |    1082 |  25.1 |     116 |      15 |  11.5
            +---------+---------+-------+---------+---------+-------
        D:1 |      41 |       4 |   8.9 |      23 |       2 |   8.0
        D:2 |      28 |       0 |   0.0 |      13 |       0 |   0.0
        D:3 |      16 |       3 |  15.8 |       7 |       2 |  22.2
        D:4 |     402 |       0 |   0.0 |      23 |       0 |   0.0
        D:5 |     978 |       2 |   0.2 |      20 |       1 |   4.8
        D:6 |     454 |     250 |  35.5 |      10 |       6 |  37.5
        D:7 |    1070 |       0 |   0.0 |      17 |       0 |   0.0
        D:8 |     248 |     823 |  76.8 |       3 |       4 |  57.1
            +---------+---------+-------+---------+---------+-------
